 Dungeon Crawl Stone Soup version 0.24.0-28-g17ded55e90 (webtiles) character file.

Game seed: 2189481192174958301, levelgen mode: deterministic

69 Curus the Slasher (level 4, -4/39 HPs)
             Began as a Minotaur Abyssal Knight on Nov 13, 2019.
             Was a Believer of Lugonu.
             Slain by a goblin (5 damage)
             ... led by Robin
             ... on level 2 of the Dungeon.
             The game lasted 00:04:20 (935 turns).

Curus the Slasher (Minotaur Abyssal Knight)          Turns: 935, Time: 00:04:22

Health: -4/39      AC: 10    Str: 16    XL:     4   Next: 2%
Magic:  3/5        EV:  7    Int:  7    God:    Lugonu [**....]
Gold:   94         SH:  4    Dex: 11    Spells: 3/3 levels left

rFire    . . .     SeeInvis .   a - +1 falchion
rCold    + . .     Gourm    .   (no shield)
rNeg     . . .     Faith    .   e - +0 chain mail (curse)
rPois    .         Spirit   .   (helmet restricted)
rElec    .         Reflect  .   (no cloak)
rCorr    .         Harm     .   (no gloves)
MR       .....     Rnd*Rage +   (no boots)
Stlth    ..........             (no amulet)
HPRegen  0.13/turn              d - ring of protection from cold
MPRegen  0.09/turn              (no ring)

@: no status effects
A: retaliatory headbutt, horns 2, icy blue scales 1, large bone plates 1,
berserk 1, dopey 1
a: Depart the Abyss, Bend Space, Renounce Religion


You were on level 2 of the Dungeon.
You worshipped Lugonu.
Lugonu was pleased with you.
You were not hungry.

You visited 1 branch of the dungeon, and saw 2 of its levels.
You visited the Abyss 1 time.

You collected 94 gold pieces.

Inventory:

Hand Weapons
 a - a +1 falchion (weapon)
Armour
 b - a +0 leather armour
 e - a cursed +0 chain mail (worn)
Jewellery
 d - a ring of protection from cold (left hand)
Potions
 f - a potion of mutation
Comestibles
 c - 2 rations


   Skills:
 - Level 3.6 Fighting
 + Level 4.1 Long Blades
 - Level 2.4 Armour
 - Level 1.1 Dodging
 + Level 3.2 Invocations


You had 3 spell levels left.
You didn't know any spells.
Your spell library was empty.

Dungeon Overview and Level Annotations

Branches:
Dungeon (2/15)

Altars:
Fedhas

Annotations:
D:2 Robin


Innate Abilities, Weirdness & Mutations

You reflexively headbutt those who attack you in melee.
You have a pair of horns on your head.
You are partially covered in icy blue scales. (AC +2)
You are partially covered in large bone plates. (SH +4)
You tend to lose your temper in combat.
You are dopey. (Int -2)


Message History

You headbutt the hobgoblin.
You kill the hobgoblin!
Lugonu accepts your kill.
You have reached level 4!
You feel agile.
You slash the hobgoblin!
You kill the hobgoblin!
Lugonu accepts your kill.
The hobgoblin no longer looks unusually strong.
The goblin hits you with a +0 club.
* * * LOW HITPOINT WARNING * * *
Robin throws the goblin at you! You block the goblin's attack.
You barely miss the hobgoblin. Your headbutt misses the hobgoblin.
The hobgoblin hits you.
* * * LOW HITPOINT WARNING * * *
The goblin hits you but does no damage.
Robin roars a battlecry!
The hobgoblin goes into a battle-frenzy!
The goblin hits you.
You die...

# ##### # #####..!#
#######...#...#
........#†).).#
###...#†#.#...#
.#..#.#.#.#.#..########
##..##########$g......#
##... #.#gg).....#
##... #....@.....#
...#.# #...##.gg....#
.#. .. . #.......# ##.
.# #.......# +
#.......# # #......%# #
#.......# # #.......# #


You could see Robin, a hobgoblin and 3 goblins.

Vanquished Creatures
  An adder (D:2)
  An ooze (D:1)
  A dart slug (D:1)
  A leopard gecko (D:2)
  9 giant cockroaches
  7 goblins
  6 hobgoblins
  A ball python (D:2)
  8 bats
  3 frilled lizards (D:1)
  7 kobolds (D:1)
  5 rats (D:1)
50 creatures vanquished.

Notes
Turn   | Place    | Note
-------+----------+-------------------------------------------
     0 | Abyss:1  | Curus the Minotaur Abyssal Knight began the quest for the
                  | Orb.
     0 | Abyss:1  | Reached XP level 1. HP: 19/19 MP: 1/1
    17 | D:1      | Escaped the Abyss
    31 | D:1      | Gained mutation: Scrolls take you a little longer to read.
                  | [potion of mutation]
    31 | D:1      | Gained mutation: Your system is resistant to poisons.
                  | (rPois) [potion of mutation]
    31 | D:1      | Gained mutation: You are partially covered in large bone
                  | plates. (SH +4) [potion of mutation]
   156 | D:1      | Reached skill level 3 in Long Blades
   156 | D:1      | Reached XP level 2. HP: 25/26 MP: 2/2
   183 | D:1      | Found a blossoming altar of Fedhas.
   202 | D:1      | Reached ** piety under Lugonu
   414 | D:1      | Reached XP level 3. HP: 29/31 MP: 4/4
   829 | D:1      | Lost mutation: Scrolls take you a little longer to read.
                  | [potion of mutation]
   829 | D:1      | Lost mutation: Your system is resistant to poisons. (rPois)
                  | [potion of mutation]
   829 | D:1      | Gained mutation: You are dopey. (Int -2) [potion of
                  | mutation]
   829 | D:1      | Gained mutation: You tend to lose your temper in combat.
                  | [potion of mutation]
   829 | D:1      | Gained mutation: You are partially covered in icy blue
                  | scales. (AC +2) [potion of mutation]
   915 | D:2      | Noticed Robin
   924 | D:2      | Reached skill level 4 in Long Blades
   933 | D:2      | Reached XP level 4. HP: 6/39 MP: 3/5
   935 | D:2      | HP: 1/39 [hobgoblin[Robin] (4)]
   935 | D:2      | Slain by a goblin

Levels and vault maps discovered:
D:1:      nicolae_arrival_washed_ashore, layout_loops_ring, minmay_hexomino_r4
D:2:      layout_basic, grunt_dithmenos_smoke, serial_glass, glass_columns_a,
          glass_columns_a, minmay_worlds_worst_comb, uniq_jessica, uniq_robin

Skill      XL: |  1  2  3 |
---------------+----------+-----
Invocations    | 2 3 |  3.2
Long Blades    | 3 4 |  4.1
Fighting       | |  3.6
Armour         | |  2.4
Dodging        | |  1.1

Action                   |  1- 3 |  4- 6 || total
-------------------------+-------+-------++-------
Melee: Falchion          |   114 |     2 ||   116
       Headbutt          |    11 |       ||    11
Invok: Bend Space        |     1 |       ||     1
  Use: Scroll            |     4 |       ||     4
       Potion            |     4 |       ||     4
Armor: Leather armour    |    15 |       ||    15
       Chain mail        |    53 |     2 ||    55
Dodge: Dodged            |    56 |       ||    56
Block: Other             |    24 |     1 ||    25
       Rpst.: Falchion   |    16 |       ||    16
